Map: Tropical Sacrifice

Players

xor - Winner!

  • Race: Protoss Protoss
  • League: Bronze
  • Spawn Location: 1:00

VOD

Have the link to the VOD?

Description

Time

  • Played on: July 22, 2022, 2:39 p.m.
  • Length: 7:15
Show
View Real Time Build Order
Export as new Build Order

xor Protoss - Winner!

Build Orders: 1 Gate Expand 

Get SALT Encoding   

  12  0:02  Probe  
  12  0:15  Probe  
  12  0:23  Pylon  
  12  0:27  Probe  
  12  0:41  Probe (Chrono Boost)  
  12  0:45  Gateway  
  12  0:52  Assimilator  
  12  0:53  Probe (Chrono Boost)  
  12  0:59  Probe (Chrono Boost)  
  12  1:08  Probe  
  12  1:20  Probe  
  12  1:32  Cybernetics Core  
  12  1:40  Nexus  
  12  1:45  Probe  
  12  1:51  Assimilator  
  12  1:57  Probe  
  12  1:59  Pylon  
  12  2:04  Warp Gate (Chrono Boost)  
  12  2:09  Probe  
  12  2:16  Adept  
  12  2:32  Probe  
  12  2:39  Adept  
  12  2:44  Probe  
  12  2:52  Probe, Robotics Facility  
  12  2:59  Probe  
  12  3:04  Probe  
  12  3:11  Probe  
  12  3:16  Probe  
  12  3:18  Gateway  
  12  3:23  Probe  
  12  3:24  Adept  
  12  3:28  Probe  
  12  3:35  Probe  
  12  3:41  Probe  
  12  3:42  Observer (Chrono Boost)  
  12  3:43  Assimilator  
  12  3:47  Probe  
  12  3:48  Assimilator  
  12  3:51  Pylon  
  12  3:53  Probe  
  12  3:59  Probe  
  12  4:03  Robotics Bay  
  12  4:05  Probe  
  12  4:09  Immortal  
  12  4:11  Probe  
  12  4:17  Probe  
  12  4:23  Probe  
  12  4:27  Robotics Facility  
  12  4:29  Probe  
  12  4:30  Gateway  
  12  4:32  Pylon  
  12  4:35  Probe  
  12  4:50  Probe x2  
  12  5:02  Probe x2, Pylon  
  12  5:05  Pylon  
  12  5:08  Pylon  
  12  5:21  Stalker x2  
  12  5:24  Disruptor  
  12  5:26  Disruptor  
  12  5:31  Stalker  
  12  5:38  Gateway  
  12  5:40  Gateway  
  12  5:41  Gateway  
  12  5:42  Pylon  
  12  5:46  Pylon  
  12  5:57  Stalker x3  
  12  5:58  Disruptor (Chrono Boost)  
  12  5:59  Disruptor (Chrono Boost)  
  12  6:29  Stalker  
  12  6:30  Stalker x2  
  12  6:35  Pylon  
  12  6:40  Pylon  
  12  6:42  Pylon  
  12  6:47  Pylon  
  12  6:49  Pylon  
  12  7:09  Stalker x6  
Tags
 
Add a new tag
Caveats
  • Supply blocks, unpowered buildings, or Contaminate may cause inaccurate times.
  • Supply counts are checked every 10 seconds.